 Dungeon Crawl Stone Soup version 0.31-a0-210-gccc998df9b (webtiles) character file.

Game seed: 14188396296289554309

637 ders the Digger (level 7, 0/36 HPs)
             Began as a Gargoyle Earth Elementalist on June 29, 2023.
             Slain by a gnoll sergeant
             ... wielding a +0 spear
              (10 damage)
             ... on level 5 of the Dungeon.
             The game lasted 00:03:42 (3735 turns).

ders the Digger (Gargoyle Earth Elementalist)       Turns: 3735, Time: 00:03:42

Health: 0/36       AC:  7    Str: 11    XL:     7   Next: 50%
Magic:  0/13       EV: 11    Int: 18    God:
Gold:   243        SH:  0    Dex: 10    Spells: 10/14 levels left

rFire   . . .        d - staff of earth
rCold   . . .        (no shield)
rNeg    + . .        a - +1 robe
rPois   ∞            (no helmet)
rElec   +            (no cloak)
rCorr   .            (no gloves)
SInv    .            (no boots)
Will    .....        (no amulet)
Stlth   ++           (no ring)
HPRegen 0.26/turn    (no ring)
MPRegen 0.13/turn

%: no passive effects
@: no status effects
A: sickness immunity, AC +4, negative energy resistance 1, electricity
resistance, torment resistance 1, petrification resistance
a: no special abilities


You were on level 5 of the Dungeon.
You visited 1 branch of the dungeon, and saw 5 of its levels.

You collected 243 gold pieces.

Inventory:

Armour
 a - a +1 robe (worn)
Magical Staves
 d - a staff of earth (weapon)
Jewellery
 s - a +5 ring of evasion
Wands
 b - a wand of paralysis (11)
 u - a wand of acid (11)
Scrolls
 f - a scroll of poison
 g - a scroll of enchant armour
 j - 3 scrolls of identify
 r - a scroll of enchant weapon
 t - a scroll of blinking {unknown}
Potions
 c - 2 potions of degeneration {unknown}
 e - a potion of haste {unknown}
 h - 4 potions of attraction {unknown}
 i - a potion of ambrosia {unknown}
 l - 3 potions of curing {unknown}
 n - 2 potions of resistance {unknown}
 o - a potion of enlightenment {unknown}


   Skills:
 - Level 1.5 Dodging
 - Level 2.1 Stealth
 + Level 4.0 Spellcasting
 * Level 5.9 Conjurations
 - Level 0.7 Transmutations
 + Level 5.9 Earth Magic


You had 10 spell levels left.
You knew the following spells:

 Your Spells              Type           Power      Damage    Failure   Level
a - Sandblast             Erth           74%        2d16      1%          1
b - Stone Arrow           Conj/Erth      74%        3d11      3%          3

Your spell library contained the following spells:

 Spells                   Type           Power      Damage    Failure   Level
 Passwall                 Tmut/Erth      19%        N/A       5%          2
 Necrotise                Necr           12%        1d4       14%         1
 Ensorcelled Hibernation  Hex/Ice        6%         N/A       22%         2
 Lesser Beckoning         Tloc           6%         N/A       22%         2
 Spider Form              Tmut/Pois      4%         N/A       36%         3
 Petrify                  Tmut/Erth      23%        N/A       36%         4
 Gell's Gravitas          Tloc           3%         N/A       41%         3
 Inner Flame              Hex/Fire       3%         N/A       41%         3
 Swiftness                Air            3%         N/A       41%         3
 Teleport Other           Tloc           3%         N/A       41%         3
 Vampiric Draining        Necr           3%         2d6       41%         3
 Flame Wave               Conj/Fire      14%        2d6       41%         4
 Sticky Flame             Conj/Fire      14%        2d4       41%         4
 Anguish                  Hex/Necr       1%         N/A       82%         4
 Agony                    Necr           3%         N/A       99%         5


Dungeon Overview and Level Annotations

Branches:
Dungeon (5/15)
 Temple: D:4-7

Altars:
Cheibriados
Kikubaaqudgha
Uskayaw
The Shining One

Shops:
D:2 [


Innate Abilities, Weirdness & Mutations

You are immune to sickness and miasma.
Your stone body is resilient. (AC +4)
You are immune to poison.
You resist negative energy. (rN+)
You are resistant to electric shocks. (rElec)
You are resistant to unholy torment.
You are immune to petrification.


Message History

You feel a surge of power!
The blast of sand hits the gnoll!!
You kill the gnoll!
Unknown command.
Casting: Sandblast (safe; 1% risk of failure)
Confirm with . or Enter, or press ? or * to list all spells.
Aiming: Sandblast (safe; 1% risk of failure)
Press: ? - help, Shift-Dir - straight line, f - gnoll sergeant
Aim: a gnoll sergeant, wielding a +0 spear and wearing a +0 ring mail (purple smoke, 88% to hit)
You feel a surge of power!
The blast of sand hits the gnoll sergeant.
The gnoll sergeant is lightly wounded.
The gnoll sergeant hits you from afar with a +0 spear.
Unknown command.
Casting: Sandblast (safe; 1% risk of failure)
Confirm with . or Enter, or press ? or * to list all spells.
You don't have enough magic to cast this spell.
Okay, then.
As you read the scroll labelled YKOSHRA VYNGI, it crumbles to dust.
It is a scroll of identify.
f - a scroll of poison The gnoll sergeant hits you from afar with a +0 spear!
* * * LOW HITPOINT WARNING * * *
As you read the scroll labelled RAFIVVE BOCVOM, it crumbles to dust.
It is a scroll of brand weapon.
You aren't carrying any weapons that can be branded.
The gnoll sergeant completely misses you.
As you read the scroll labelled XAP ZAYCEOPLAO, it crumbles to dust.
The creatures around you are filled with an inner flame!
It was a scroll of immolation.
The gnoll sergeant closely misses you.
Casting: Sandblast (safe; 1% risk of failure)
Confirm with . or Enter, or press ? or * to list all spells.
Aiming: Sandblast (safe; 1% risk of failure)
Press: ? - help, Shift-Dir - straight line, f/p - gnoll sergeant
Aim: a gnoll sergeant, wielding a +0 spear and wearing a +0 ring mail (purple smoke, lightly wounded, inner flame, 88% to hit)
You feel a surge of power!
The blast of sand hits the gnoll sergeant.
Flame seeps out of the gnoll sergeant.
The gnoll sergeant is lightly wounded.
The gnoll sergeant hits you from afar with a +0 spear!
You die...

..##....#.......#..#
..##....##########.#
####......# .)...#.#
######.#?##g#.#.#
.#.gg.g§#.######
.####g#g#......# .#
.. #g######.# .#.#
#.# #.# .#
#@######.# .#
#§##.....#
#§##.##### #.##.#
#.##.# #.##.# #.##.#
#.##.# #.##.#


You could see a gnoll sergeant (inner flame) and a gnoll.

Vanquished Creatures
  A steam dragon (D:4)
  An ice beast (D:5)
  2 scorpions (D:5)
  2 hounds (D:5)
  A jelly (D:4)
  Terence (D:3)
  2 iguanas
  6 gnolls
  3 adders
  A white imp (D:5)
  An ufetubus (D:5)
  3 worms
  A dart slug (D:4)
  6 ball pythons
  2 bats
  5 endoplasms
  3 giant cockroaches (D:1)
  2 goblins
  3 hobgoblins
  3 quokkas
  2 frilled lizards
  4 kobolds
  3 rats
58 creatures vanquished.

Notes
Turn   | Place    | Note
-------+----------+-------------------------------------------
     0 | D:1      | ders the Gargoyle Earth Elementalist began the quest for
                  | the Orb.
     0 | D:1      | Reached XP level 1. HP: 10/10 MP: 3/3
   454 | D:1      | Reached skill level 1 in Conjurations
   454 | D:1      | Reached XP level 2. HP: 15/15 MP: 3/5
   846 | D:2      | Found an ancient bone altar of Kikubaaqudgha.
  1272 | D:2      | Found Omacke Daqum's Antique Armour Boutique.
  1412 | D:3      | Reached XP level 3. HP: 19/19 MP: 4/6
  1416 | D:3      | Learned a level 3 spell: Stone Arrow
  1599 | D:3      | Noticed Terence
  1606 | D:3      | Killed Terence
  1783 | D:3      | Reached XP level 4. HP: 24/24 MP: 4/7
  2291 | D:4      | Identified the +8 quarterstaff "Siun" {holy, rC- rN+ Will+
                  | Str+2}
  2525 | D:4      | Found a glowing golden altar of the Shining One.
  2618 | D:4      | Reached XP level 5. HP: 28/28 MP: 7/9
  2750 | D:4      | Found a snail-covered altar of Cheibriados.
  2937 | D:4      | Noticed a steam dragon
  2957 | D:4      | Killed a steam dragon
  2958 | D:4      | Reached skill level 5 in Earth Magic
  2958 | D:4      | Reached XP level 6. HP: 9/32 MP: 3/11
  3233 | D:5      | Entered Level 5 of the Dungeon
  3356 | D:5      | Reached skill level 5 in Conjurations
  3486 | D:5      | Found a hide-covered altar of Uskayaw.
  3489 | D:5      | Reached XP level 7. HP: 36/36 MP: 5/12
  3735 | D:5      | Slain by a gnoll sergeant

Illustrated notes

Levels and vault maps discovered:
D:1:      giann_horns, layout_loops_ring, minmay_misc_feat_ornament
D:2:      layout_loops_ring, basic_altar, serial_shops, shop,
          amcnicky_mini_corridor_feature, minmay_misc_feat_tiny,
          minmay_misc_feat_nine_boxes
D:3:      layout_basic, dk_vineyard_2, uniq_terence
D:4:      layout_loops_cross, tso_metal_star,
          mainiacjoe_overflow_six_doors_small, kennysheep_dice
D:5:      layout_basic, nicolae_uskayaw_dance_hall, grunt_ministairs_8,
          minmay_shop_damaged

Skill      XL: |  1  2  3  4  5  6  7 |
---------------+----------------------+-----
Conjurations   | 1 2 3 4 5 |  5.9
Earth Magic    | 4 5 |  5.9
Spellcasting   | 3 4 |  4.0
Dodging        | |  1.5
Stealth        | |  2.1
Transmutations | |  0.7

Action                     |  1- 3 |  4- 6 |  7- 9 || total
---------------------------+-------+-------+-------++-------
  Melee: Staff             |       |     2 |       ||     2
   Cast: Sandblast         |    42 |    30 |     6 ||    78
         Stone Arrow       |       |    13 |     7 ||    20
    Use: Potion            |       |     1 |     1 ||     2
         Scroll            |       |       |     6 ||     6
 Armour: Robe              |     1 |     4 |     4 ||     9
  Dodge: Dodged            |     8 |    11 |    13 ||    32

Table legend: (Time is in decaauts)
 A = Elapsed time spent in this place.
 B = Non-inter-level travel time spent in this place.
 C = Inter-level travel time spent in this place.
 D = Time resting spent in this place.
 E = Time spent auto-exploring this place.
 F = Levels seen in this place.
 G = Mean time per level.
                   A        B        C        D        E       F      G
               +--------+--------+--------+--------+--------+-----+--------+
         Total |   3773 |   3649 |    124 |     89 |   3196 |   5 |  754.6 |
       Dungeon |   3773 |   3649 |    124 |     89 |   3196 |   5 |  754.6 |
               +--------+--------+--------+--------+--------+-----+--------+

Top non-repeatable levels by time:
     D:4: 970 daAuts
     D:3: 878 daAuts
     D:1: 768 daAuts
     D:2: 651 daAuts
     D:5: 505 daAuts
